[Event "Early-Titled-Tuesday-Blitz-January-30-2024"]
[Site "Chess.com"]
[Date "2024.01.30"]
[Round "2"]
[White "epiclord678"]
[Black "vlad10898"]
[Result "0-1"]
[WhiteElo "2419"]
[BlackElo "2821"]
[TimeControl "180+1"]
[EndTime "8:20:11 PST"]
[Termination "vlad10898 won on time"]

1. e4 c5 2. Nf3 d6 3. d4 cxd4 4. Nxd4 Nf6 5. Nc3 a6 6. Be3 e5 7.
Nb3 Be6 8. f3 h5 9. Nd5 Bxd5 10. exd5 Nbd7 11. Qd2 g6 12. O-O-O Nb6 13. Qa5 Bh6 14. Bxh6 Rxh6 15. Qd2 Rh8 16. f4 Nbd7 17. Bd3 exf4 18. Qxf4 Ne5 19. Rhf1 Nxd5 20. Qe4 Qg5+ 21.
Kb1 Ne3 22. h4 Qh6 23. Qxb7 Rd8 24. Bxa6 Nxf1 25. Rxf1 Kf8 26. Nd4 Kg8 27. Nc6 Rd7 28. Qb6 Kh7 29. Nxe5 dxe5 30. Bb5 Qf4 31. a4 Qd4 32.
Qf6 Rc7 33. c3 Qe4+ 34. Ka2 Ra8 35. Qf3 Qxf3 36. Rxf3 f5 37. Re3 e4 38. g3 Kg7 39.
b4 Kf6 40. Kb3 Ke5 41. a5 f4 42. gxf4+ Kxf4 43. Re1 e3 44. Be2 Kg3 45. Rf1 Kxh4 46. a6 g5 47. b5 g4 48. b6 Rc6 49. b7 Rb8 50. Ra1 Rb6+ 51. Kc2 Kg3 52. a7 R6xb7 53.
axb8=Q+ Rxb8 54. c4 Kf2 55. Bd3 g3 56. c5 g2 57. c6 g1=Q 58. Rxg1 Kxg1 59. Ba6 Rb6 60. Bb7 Rxc6+ 61. Bxc6 e2 62. Kd2 Kf2 0-1

[Event "Early-Titled-Tuesday-Blitz-January-30-2024"]
[Site "Chess.com"]
[Date "2024.01.30"]
[Round "2"]
[White "Vsevolod_Ovchinnikov"]
[Black "Sam_ChessMood"]
[Result "1-0"]
[WhiteElo "2620"]
[BlackElo "2915"]
[TimeControl "180+1"]
[EndTime "8:20:12 PST"]
[Termination "Vsevolod_Ovchinnikov won on time"]

1. g3 d5 2. Bg2 e5 3. c4 c6 4. Nf3 e4 5. Nd4 dxc4 6. e3 Nf6 7. Nc3 Bc5 8. Nde2 Bf5 9. h3 h5 10. b3 Nbd7 11. bxc4 Ne5 12. O-O Qd7 13.
h4 O-O 14. Nf4 Bg4 15. Qc2 Bf3 16. Bb2 Qf5 17. Nxe4 Bxe4 18. Bxe4 Nxe4 19. Bxe5 Nxg3 20. Qxf5 Nxf5 21. Nxh5 Rfe8 22. Bg3 Be7 23. d4 Nxh4 24. Nf4 Nf5 25. Kg2 Bd6 26. Ne2 Nxg3 27. Nxg3 Re6 28. Nf5 Bf8 29. Rab1 g6 30. Nh4 b6 31. Nf3 Rd8 32. Rfd1 Re4 33. Rbc1 c5 34. d5 Bd6 35. Rc2 Kg7 36. Kf1 Rh8 37. Ke2 Re7 38. Rg1 Rh3 39.
Rg2 Kf6 40. Rc1 Rh5 41. a4 Re4 42. Kd3 Re8 43. Ke2 Rhh8 44. Rb1 Bc7 45. Rd1 Re4 46. Kd3 Ree8 47. Rdg1 Bd6 48. Rf1 Rh3 49. Ke2 Rh5 50. Kd3 Kg7 51. Rfg1 Rf5 52. Nd2 f6 53. f4 Rh5 54.
Rxg6+ Kh7 55. Rg7+ 1-0

[Event "Early-Titled-Tuesday-Blitz-January-30-2024"]
[Site "Chess.com"]
[Date "2024.01.30"]
[Round "2"]
[White "mary-sanna"]
[Black "ATM622"]
[Result "1-0"]
[WhiteElo "2187"]
[BlackElo "2479"]
[TimeControl "180+1"]
[EndTime "8:20:12 PST"]
[Termination "mary-sanna won by resignation"]

1. d4 Nf6 2. c4 e6 3. Nf3 d5 4. g3 dxc4 5. Bg2 Bd7 6. Ne5 Bc6 7.
Nxc6 Nxc6 8. e3 Qd7 9. Nd2 Bb4 10. Qa4 a5 11. O-O Nd5 12. Nxc4 O-O 13. a3 Be7 14. Qc2 b5 15. Nd2 Ra6 16. b3 Nd8 17. Bb2 f5 18.
Rac1 a4 19. Bxd5 Qxd5 20. Qxc7 Bd6 21. Qc3 axb3 22. Qxb3 Nb7 23. Qxd5 exd5 24. Rc3 Rfa8 25. Rfc1 Bxa3 26. Bxa3 Rxa3 27. Rc8+ Rxc8 28. Rxc8+ Kf7 29. Rc7+ Kg6 30. Rxb7 Rd3 31. Nf3 Rd1+ 32. Kg2 Rb1 33. Ne5+ Kh6 34. Nf7+ Kg6 35. Ne5+ Kh6 36. Rb6+ g6 37.
h4 Kg7 38. Rb7+ Kg8 39. Nd3 Rb3 40. Nc5 Rb1 41. Kf3 b4 42. Kf4 Rf1 43. f3 Re1 44. Rxb4 h6 45. Rb7 Re2 46. Ne6 Re1 47. Nc7 g5+ 48.
hxg5 hxg5+ 49. Kxg5 Rxe3 50. Kf4 Rd3 51. Nxd5 Rxd4+ 52. Ke5 Rd3 53. Kxf5 Rxd5+ 54. Ke6 Ra5 55. f4 Ra3 56. g4 Ra4 57. Kf5 Ra5+ 58. Kg6 Ra6+ 59.
Kg5 Ra5+ 60. f5 Rc5 61. Kg6 Rc4 62. Rb8+ 1-0

[Event "Early-Titled-Tuesday-Blitz-January-30-2024"]
[Site "Chess.com"]
[Date "2024.01.30"]
[Round "2"]
[White "agvega14"]
[Black "Orest_Vovk"]
[Result "0-1"]
[WhiteElo "2149"]
[BlackElo "2489"]
[TimeControl "180+1"]
[EndTime "8:20:12 PST"]
[Termination "Orest_Vovk won on time"]

1. e4 Nc6 2. Nf3 d5 3. exd5 Qxd5 4. Nc3 Qa5 5. Bc4 Bg4 6. d3 Qh5 7. Ne4 Bxf3 8. Qxf3 Qxf3 9. gxf3 Nd4 10. Kd1 Nxf3 11. Be3 Ne5 12. Bb5+ c6 13. Ba4 Nf6 14. Nxf6+ gxf6 15.
Ke2 e6 16. Rhg1 Bd6 17. h4 h5 18. f3 Ng6 19. Bb3 Nxh4 20. Rh1 Nf5 21. Bf2 h4 22. c3 Ke7 23. Rh3 b6 24. Kd2 Bf4+ 25. Ke2 Rag8 26.
Rah1 Bg3 27. d4 Bxf2 28. Kxf2 Rg3 29. Bc2 Rxh3 30. Rxh3 Nd6 31. b3 Nb5 32. f4 f5 33.
a4 Nc7 34. c4 Ne8 35. Bd1 Nf6 36. Bf3 Ne4+ 37. Ke3 Nd6 38. c5 bxc5 39. dxc5 Nb7 40. Bxc6 Nxc5 41. Kd4 Nd7 42. Bf3 Nf6 43. b4 Rd8+ 44.
Kc5 Nd5 45. Rxh4 Nc3 46. a5 Rc8+ 47. Kd4 Nb5+ 48. Ke3 Rc3+ 49. Kf2 Rb3 50. Rh8 Rb2+ 51. Kg3 Rxb4 52. a6 Rb3 53. Kg2 Nd4 54. Bb7 Rb2+ 55.
Kh3 Nb5 56. Rc8 Rb3+ 57. Kh4 Kf6 58. Rb8 Nd4 59. Rg8 Nf3+ 60. Kg3 Ne5+ 61. Kf2 Ng6 62. Ra8 Nxf4 63. Rxa7 Nd3+ 64. Ke2 Nc5 0-1

[Event "Early-Titled-Tuesday-Blitz-January-30-2024"]
[Site "Chess.com"]
[Date "2024.01.30"]
[Round "2"]
[White "Mops_2004"]
[Black "GKARU"]
[Result "0-1"]
[WhiteElo "2763"]
[BlackElo "2522"]
[TimeControl "180+1"]
[EndTime "8:20:13 PST"]
[Termination "GKARU won by resignation"]

1. Nf3 Nf6 2. g3 b6 3. Bg2 Bb7 4. O-O c5 5. c4 e6 6. Nc3 d5 7. Ne5 Nbd7 8. Qa4 Bd6 9. Nxd7 Qxd7 10. Qxd7+ Kxd7 11. d3 Bc6 12. Bg5 dxc4 13. Bxf6 gxf6 14. dxc4 Bxg2 15. Kxg2 Be5 16. Rfd1+ Kc6 17. Rd3 Rad8 18. Rad1 Rxd3 19. Rxd3 Bxc3 20. bxc3 Rg8 21. f4 h5 22.
Kh3 f5 23. Kh4 a6 24. a4 Kc7 25. h3 Kc6 26. Kxh5 Rh8+ 27. Kg5 Rxh3 28. Kf6 Rh7 29. Ke7 Rg7 30. Kf8 Rh7 31. Kg8 Rh2 32. Re3 Kd6 33.
Kxf7 Rh7+ 34. Kf6 Rh6+ 35. Kg7 Rh3 36. Kf6 Rh6+ 37. Kg5 Rh8 38. Kg6 Rh3 39. Rd3+ Ke7 40. Kg7 Rh2 41. Rd2 Rg2 42. Rb2 Rxg3+ 43. Kh6 Rxc3 44.
Rxb6 Rxc4 45. Rxa6 Rxf4 46. Kg6 Rg4+ 47. Kh5 Re4 48.
Ra7+ Kf6 49. a5 Rxe2 50. Kh4 Ke5 51. a6 Ra2 52. Ra8 c4 53. a7 c3 54. Kg3 c2 55.
Rc8 Rxa7 56. Rxc2 Ra3+ 57. Kg2 Rd3 58. Re2+ Kd5 59. Ra2 e5 60. Ra5+ Ke4 61. Rb5 Rd2+ 62. Kg3 Rd3+ 63. Kf2 f4 64. Ke2 Rd4 65. Ra5 f3+ 66.
Kf2 Rd2+ 67. Kf1 Kf4 68. Ra8 e4 69. Ra3 Rb2 70. Rc3 Rb1+ 71. Kf2 e3+ 0-1

[Event "Early-Titled-Tuesday-Blitz-January-30-2024"]
[Site "Chess.com"]
[Date "2024.01.30"]
[Round "2"]
[White "LimeInTheCoconut"]
[Black "FLYD"]
[Result "1-0"]
[WhiteElo "2460"]
[BlackElo "2036"]
[TimeControl "180+1"]
[EndTime "8:20:16 PST"]
[Termination "LimeInTheCoconut won by checkmate"]

1. e4 e5 2. Nf3 Nf6 3. Nc3 Nc6 4. d4 exd4 5. Nxd4 Bc5 6. Be3 Nxd4 7. Bxd4 Bxd4 8. Qxd4 d6 9. O-O-O Qe7 10. Bb5+ Bd7 11.
Bxd7+ Qxd7 12. e5 dxe5 13. Qxe5+ Qe7 14. Qxe7+ Kxe7 15. Rhe1+ Kf8 16. Nb5 c6 17. Nd6 g6 18.
Nxb7 Kg7 19. Na5 c5 20. f3 Rab8 21. b3 Rb5 22. Nc4 h5 23. h4 Rhb8 24. Re7 R5b7 25. Rxb7 Rxb7 26. Rd8 Re7 27. Kd2 Nd7 28. a4 Nf8 29.
Rd5 Ne6 30. g3 Nd4 31. Rxc5 Nxf3+ 32. Kc3 Ne1 33. Ra5 Re2 34. Rxa7 Rxc2+ 35. Kb4 Nd3+ 36. Kb5 Rc3 37. Na5 Rc5+ 38. Kb6 Re5 39. Rd7 Nb4 40.
Nc4 Rf5 41. a5 g5 42. hxg5 Rxg5 43. a6 Rg6+ 44. Rd6 Nxa6 45. Rxg6+ Kxg6 46. Kxa6 Kg5 47. Ne3 f5 48. b4 f4 49. gxf4+ Kxf4 50. Ng2+ Kg3 51.
Ne3 Kf3 52. Nf5 Kg4 53. b5 Kxf5 54. b6 h4 55. b7 Kg4 56. b8=Q Kh3 57. Qb3+ Kg2 58.
Qc2+ Kg3 59. Qd3+ Kg2 60. Qe2+ Kg3 61. Qe1+ Kg4 62. Qh1 Kg3 63. Kb5 h3 64. Kc4 h2 65.
Kd3 Kf2 66. Qxh2+ Kf1 67. Ke3 Ke1 68. Qe2# 1-0

[Event "Early-Titled-Tuesday-Blitz-January-30-2024"]
[Site "Chess.com"]
[Date "2024.01.30"]
[Round "2"]
[White "ChessLebaneseSalah"]
[Black "SmirnovTimofey2000"]
[Result "1-0"]
[WhiteElo "2451"]
[BlackElo "1944"]
[TimeControl "180+1"]
[EndTime "8:20:16 PST"]
[Termination "ChessLebaneseSalah won on time"]

1. e4 e5 2. Nf3 Nf6 3. Nxe5 d6 4. Nf3 Nxe4 5. Nc3 Nxc3 6. dxc3 Be7 7. Bd3 Be6 8. O-O O-O 9. Re1 Nc6 10. h3 Bf6 11.
Nd4 Bd7 12. Be3 Ne5 13. Be2 a6 14. Nf3 Bc6 15. Nxe5 dxe5 16. Bc5 Qxd1 17. Raxd1 Rfd8 18. Be3 Rxd1 19. Rxd1 Rd8 20. f3 Kf8 21. Kf2 h6 22. Bc5+ Ke8 23. Bd3 Be7 24. Be3 e4 25. fxe4 Bxe4 26.
Re1 Bxd3 27. Bc5 Rd7 28. cxd3 b6 29. Bd4 f6 30. Rd1 Kf7 31. Be3 Bd6 32. Kf3 Re7 33.
g4 c5 34. a4 a5 35. b3 Bc7 36. d4 cxd4 37. Bxd4 Rd7 38. Re1 Bd6 39. Re4 Bc7 40. Ke3 Re7 41. Kd3 Rxe4 42. Kxe4 Ke6 43. c4 g6 44. Be3 f5+ 45. Kf3 fxg4+ 46. hxg4 h5 47. Bf2 Kf6 48. gxh5 gxh5 49. Bh4+ Kg6 50. Ke4 Bd6 51. Kd5 Bc5 52. Kc6 Kf5 53. Bd8 Kg4 54.
b4 axb4 55. a5 h4 56. a6 b3 57. a7 b2 58. a8=Q b1=Q 59. Qc8+ Kg3 60. Bc7+ Kg2 61. Qg8+ 1-0

[Event "Early-Titled-Tuesday-Blitz-January-30-2024"]
[Site "Chess.com"]
[Date "2024.01.30"]
[Round "2"]
[White "elgrona"]
[Black "GaiozNigalidze"]
[Result "0-1"]
[WhiteElo "2283"]
[BlackElo "2704"]
[TimeControl "180+1"]
[EndTime "8:20:17 PST"]
[Termination "GaiozNigalidze won on time"]

1. Nf3 Nf6 2. b3 g6 3. Bb2 Bg7 4. g3 O-O 5. Bg2 b5 6. O-O Bb7 7. d3 c5 8. a4 b4 9. e4 d6 10.
Nbd2 Nc6 11. Nc4 Qc7 12. Re1 e5 13. Nfd2 Nd4 14. Nf1 Nd7 15. Nfe3 a5 16. c3 bxc3 17. Bxc3 Bc6 18. Rb1 Rfb8 19. Bh3 Ra6 20. Bxd7 Bxd7 21. Nd5 Qd8 22. Bxd4 exd4 23. Qd2 h6 24. Qf4 Be6 25. Kg2 g5 26. Qd2 Rba8 27. f4 gxf4 28. Qxf4 Qg5 29.
Rf1 Rb8 30. Nf6+ Kh8 31. Nd5 Bxd5 32. Qxg5 Bxe4+ 33. dxe4 hxg5 34. Rxf7 d3 35. Rd7 Bd4 36. Nxd6 Rf8 37. Nf7+ Kg7 38. Nxg5+ Kg6 39. Nf3 Rf7 40. Rxf7 Kxf7 41. Nxd4 cxd4 42. Rd1 Rb6 43. Rxd3 Rb4 44. Kf3 Ke6 45. h4 Ke5 46. g4 Rb7 47. g5 Rf7+ 48. Kg3 Kxe4 49. Rd1 d3 50. g6 Rf6 51. h5 Ke3 52. g7 Rf3+ 53. Kg4 Rf2 54. h6 Ke2 55. Rxd3 Kxd3 56. h7 Rg2+ 57. Kf4 Rxg7 58. h8=Q Rf7+ 59. Ke5 Re7+ 60. Kd5 Rb7 61. Qh3+ Kc2 62. Kc4 Rb4+ 63. Kc5 Rxb3 64. Qg3 Rxg3 0-1

[Event "Early-Titled-Tuesday-Blitz-January-30-2024"]
[Site "Chess.com"]
[Date "2024.01.30"]
[Round "2"]
[White "Ural_bogatyr"]
[Black "Andreikka"]
[Result "0-1"]
[WhiteElo "2541"]
[BlackElo "2985"]
[TimeControl "180+1"]
[EndTime "8:20:17 PST"]
[Termination "Andreikka won by resignation"]

1. d4 Nf6 2. Nc3 d5 3. Bf4 c5 4. e4 cxd4 5. Qxd4 Nc6 6. Bb5 Bd7 7. Bxc6 Bxc6 8. e5 Nd7 9. e6 fxe6 10. Nf3 Qb6 11.
Qxb6 axb6 12. O-O-O d4 13. Nxd4 Bxg2 14. Rhg1 Bc6 15.
Nxe6 Kf7 16. Nd4 Nf6 17. Bc7 Ra6 18. a3 g6 19. Rge1 Bg7 20. Kb1 Rc8 21. Be5 Bd7 22.
Ne4 h6 23. Rd2 Nxe4 24. Rxe4 Bxe5 25. Rxe5 Rc5 26. Re3 Ra8 27. Rde2 Re8 28. Nf3 Kf6 29. Ne5 Bf5 30. Kc1 Rec8 31. c3 Rd8 32. h3 Rcd5 33. Ng4+ Kg5 34. Re1 e6 35. Ne5 Kf4 36. Rf3+ Kg5 37.
Nf7+ Kf6 38. Nxd8 Rxd8 39. Rfe3 g5 40. a4 h5 41. b3 h4 42. c4 Rd4 43. Kb2 Rf4 44. R1e2 g4 45. hxg4 Bxg4 46. Re1 Rxf2+ 47. Kc3 h3 48. Rg3 Bf5 49. Rh1 e5 50. Kb4 e4 51.
a5 bxa5+ 52. Kxa5 Ke5 53. Kb6 Kf4 54. Rgxh3 Bxh3 55. Rxh3 Rb2 56. Kxb7 e3 57. c5 Rxb3+ 58. Kc7 e2 59. Rxb3 e1=Q 60. Rb6 Qe7+ 61. Kc6 Ke5 62. Rb3 Qe6+ 63. Kc7 Qxb3 64. c6 Ke6 0-1

[Event "Early-Titled-Tuesday-Blitz-January-30-2024"]
[Site "Chess.com"]
[Date "2024.01.30"]
[Round "2"]
[White "szefru"]
[Black "GP9isback23"]
[Result "0-1"]
[WhiteElo "2280"]
[BlackElo "2630"]
[TimeControl "180+1"]
[EndTime "8:20:19 PST"]
[Termination "GP9isback23 won by resignation"]

1. e4 c5 2. Nf3 e6 3. b3 Nc6 4. Bb2 d5 5. exd5 exd5 6. Qe2+ Be6 7. Nc3 Nf6 8. O-O-O Be7 9. Ng5 Nd4 10. Qe1 Bf5 11.
Bb5+ Kf8 12. Bd3 Bxd3 13. cxd3 Rc8 14. Kb1 Qd7 15. Ne2 Qf5 16. Nxd4 cxd4 17. Nf3 Qxd3+ 18.
Ka1 Bb4 19. Nxd4 Re8 20. Qf1 Qxf1 21. Rhxf1 Ne4 22. d3 Nd6 23. a3 Bc5 24. Rfe1 Rd8 25. Re5 Nc8 26. Rde1 h5 27. Rf5 Kg8 28. b4 Bf8 29.
Rc1 Nb6 30. Rc7 Rh6 31. Rfxf7 Na8 32. Rxb7 Rg6 33. g3 Nb6 34. Nf5 Nc8 35. Nxg7 Nd6 36.
Nf5 Nxf7 37. Rxa7 d4 38. Bxd4 Rxd4 39. Nxd4 Bg7 40. Rd7 Rd6 41. Rxd6 Nxd6 42. Ka2 Bxd4 43. f4 Kf7 44. Kb3 Kf6 45. a4 Ke6 46. b5 Kd5 47. Kb4 Bf2 48. a5 Be1+ 49. Ka4 Kc5 50. b6 Kc6 51. d4 Bd2 52. Kb3 Be1 53. Ka4 Kb7 54. Kb3 Bxa5 55. Kc2 Bxb6 56. Kd3 Kc6 57. h3 Kd5 58. g4 h4 59. Ke3 Bxd4+ 60. Kf3 Bg7 61. g5 Nf5 62. Kg4 Ke6 63. g6 Kf6 64. Kh5 Bf8 65.
Kg4 Kxg6 66. Kf3 Kh5 67. Ke4 Ng3+ 68. Kf3 Bh6 0-1

[Event "Early-Titled-Tuesday-Blitz-January-30-2024"]
[Site "Chess.com"]
[Date "2024.01.30"]
[Round "2"]
[White "Flaccidmoves"]
[Black "frequentblunders"]
[Result "0-1"]
[WhiteElo "2457"]
[BlackElo "2149"]
[TimeControl "180+1"]
[EndTime "8:20:19 PST"]
[Termination "frequentblunders won by checkmate"]

1. c4 e6 2. d4 d5 3. Nc3 c6 4. e3 Nf6 5. b3 Bd6 6. Bd3 Nbd7 7. Nf3 e5 8. cxd5 cxd5 9. dxe5 Nxe5 10. Nxe5 Bxe5 11.
Bb2 O-O 12. O-O Be6 13. f4 Bc7 14. Nb5 Bb6 15. Nd4 Ne4 16. Qh5 Bxd4 17. Bxd4 f5 18.
Rac1 b6 19. Bxe4 dxe4 20. Rfd1 Qe7 21. g4 Rac8 22. gxf5 Bxf5 23. Be5 Bg6 24. Qg4 Bf5 25. Qg2 g6 26. Rxc8 Rxc8 27. Qd2 h5 28. Qd5+ Qe6 29.
Qxe6+ Bxe6 30. Rd6 Bg4 31. Rd2 Rc1+ 32. Kf2 Rh1 33.
Kg3 Rg1+ 34. Kh4 Kf7 35. h3 Rh1 36. Kg5 Rxh3 37. Rd6 Rg3 38. Rf6+ Ke7 39. Rxg6 Bf3+ 40. Kh6 Rxg6+ 41. Kxg6 h4 42. f5 h3 43. Kg7 Bh5 44.
Bh2 Bf7 45. Kh6 Kf6 46. Bg3 Kxf5 47. Bh2 Kg4 48. Kg7 Be6 49. Kf6 Bc8 50. Ke5 Bb7 51. Kd4 Kf3 52. a4 Kg2 53. Bf4 h2 54.
Bxh2 Kxh2 55. b4 Kg3 56. a5 Kf3 57. axb6 axb6 58. b5 Ke2 59. Ke5 Kxe3 60. Kd6 Kd4 61. Kc7 Bd5 62. Kxb6 e3 63. Ka7 e2 64. b6 e1=Q 65. Kb8 Qb4 66. b7 Qxb7# 0-1

[Event "Early-Titled-Tuesday-Blitz-January-30-2024"]
[Site "Chess.com"]
[Date "2024.01.30"]
[Round "2"]
[White "Makswolf200817"]
[Black "jamengrand"]
[Result "0-1"]
[WhiteElo "2677"]
[BlackElo "2260"]
[TimeControl "180+1"]
[EndTime "8:20:21 PST"]
[Termination "jamengrand won by checkmate"]

1. d4 d5 2. c4 e6 3. Nf3 Nf6 4. g3 dxc4 5. Bg2 Bd7 6. Ne5 Bc6 7. Nxc6 Nxc6 8. Bxc6+ bxc6 9. O-O c5 10. Qa4+ Qd7 11. Qxc4 cxd4 12. Rd1 c5 13. b4 cxb4 14. Rxd4 Rc8 15.
Rxd7 Rxc4 16. Rd1 Bc5 17. Nd2 Rc2 18. Nb3 Bb6 19. Kf1 O-O 20. a3 Ng4 21. Nd4 Rc4 22. Bb2 bxa3 23. Rxa3 Rd8 24. Rad3 Nxh2+ 25. Kg2 Ng4 26. R1d2 Nxf2 27. Nxe6 Nxd3 28. Nxd8 Nxb2 29. Nb7 Rb4 30. Nd6 h5 31. Nf5 g6 32. Ne7+ Kg7 33.
Rc2 Nc4 34. Kh3 Ne3 35. Rd2 a5 36. Rd7 Nf5 37. Nc6 Rb3 38. Ne5 Rxg3+ 39. Kh2 Bg1+ 40. Kh1 Nh6 41. Nf3 Rxf3 42. exf3 Bc5 43. Rc7 Bb4 44. Ra7 g5 45. Kg2 Kg6 46. Ra6+ f6 47. Kg3 h4+ 48.
Kh3 Nf5 49. Rb6 Nd4 50. f4 Kh5 51. Rxf6 g4+ 52. Kg2 a4 53. Rb6 Bc3 54. Ra6 h3+ 55. Kg3 Be1+ 56. Kh2 Nf3+ 57. Kh1 g3 58. Ra5+ Kg4 59. Rg5+ Nxg5 60. fxg5 Kxg5 61. Kg1 a3 62. Kf1 a2 63. Kg1 a1=Q 64. Kf1 Qd1 65. Kg1 Bf2# 0-1

[Event "Early-Titled-Tuesday-Blitz-January-30-2024"]
[Site "Chess.com"]
[Date "2024.01.30"]
[Round "2"]
[White "ContrVersia"]
[Black "jens1102"]
[Result "1-0"]
[WhiteElo "2864"]
[BlackElo "2574"]
[TimeControl "180+1"]
[EndTime "8:20:22 PST"]
[Termination "ContrVersia won by resignation"]

1. Nf3 Nf6 2. c4 e6 3. g3 d5 4.
Bg2 Be7 5. O-O O-O 6. b3 c5 7. Bb2 Nc6 8. e3 b6 9. Nc3 Bb7 10. cxd5 exd5 11. d4 cxd4 12. Nxd4 Nxd4 13. Qxd4 Qd7 14.
Rfd1 Rfd8 15. Rd2 Rac8 16. Rad1 Qf5 17. Qd3 Qh5 18. Qe2 Qxe2 19. Nxe2 Bb4 20. Rd4 Rc2 21.
Rxb4 Rxb2 22. Nc3 Rc8 23. Nxd5 Bxd5 24. Bxd5 Nxd5 25. Rxd5 Rxa2 26. Rd7 g5 27. Rb5 Rc5 28. Rxc5 bxc5 29. Rd5 h6 30. Rxc5 Rb2 31. Rb5 a6 32.
Rb6 Kg7 33. Rxa6 Rxb3 34. g4 Rb2 35. Kg2 Rb3 36. Kg3 Rb2 37. Ra5 f6 38. h3 Rb1 39. Ra4 Kg6 40. h4 Rg1+ 41. Kh2 Rf1 42. h5+ Kf7 43. Kg2 Rb1 44. Ra7+ Kg8 45. Kf3 Rb4 46.
Rd7 Rc4 47. Rd4 Rc2 48. Ra4 Rb2 49. Kg3 Rc2 50. f4 Rb2 51. Kf3 Rb3 52. Ke4 Rb5 53. Rd4 Kf7 54. Rd7+ Ke6 55. Rh7 Rb4+ 56. Kf3 gxf4 57.
exf4 Rb3+ 58. Kg2 Rb2+ 59. Kg3 Rb3+ 60. Kh4 Rf3 61. Rxh6 Rxf4 62. Kg3 Ke5 63. Rh8 Ra4 64. Re8+ Kd6 65. h6 Ra7 66. Kh4 Kd7 67. Re1 Ra2 68.
Kh5 Rh2+ 69. Kg6 Rh4 70. Rg1 Ke6 71. h7 Rh2 72. Kg7 Rh1 73. Rxh1 1-0

[Event "Early-Titled-Tuesday-Blitz-January-30-2024"]
[Site "Chess.com"]
[Date "2024.01.30"]
[Round "2"]
[White "Suleyman_Chess06"]
[Black "shimastream"]
[Result "0-1"]
[WhiteElo "2628"]
[BlackElo "3029"]
[TimeControl "180+1"]
[EndTime "8:20:23 PST"]
[Termination "shimastream won by resignation"]

1. Nf3 c5 2. c4 Nf6 3. Nc3 Nc6 4. e3 e5 5. d4 e4 6. Ne5 h5 7. Be2 Qe7 8. Nxc6 dxc6 9. b3 Qc7 10. d5 h4 11. h3 Qe5 12. Bb2 Qg5 13. Bf1 Bf5 14. Qc2 Be7 15. O-O-O O-O 16. Rg1 Rad8 17. g4 Bg6 18.
Be2 cxd5 19. cxd5 Nxd5 20. Nxd5 Rxd5 21. Bc4 Rdd8 22. Bc3 Bf6 23. Qb2 Bxc3 24. Qxc3 Qe7 25. Bd5 b5 26. Rd2 c4 27. Rgd1 cxb3 28. Qxb3 Rc8+ 29. Kb1 Rc5 30. Rc2 Rfc8 31. Rxc5 Qxc5 32. Qb2 a5 33. Rc1 Qxc1+ 34. Qxc1 Rxc1+ 35. Kxc1 Kf8 36. Kb2 f5 37. f3 exf3 38. Bxf3 fxg4 39. Bxg4 b4 40. Kb3 Bf7+ 41. Ka4 Bxa2 42. Kxa5 b3 43.
Be6 Ke7 44. Bc4 g5 45. Kb4 Bb1 46. Kxb3 Bf5 47. Bf1 Kd6 48. Kc3 Ke5 49. Kd2 Kd5 50. Bg2+ Ke5 51. Bf1 Be6 52. Ke1 Ke4 53. Kf2 Bd7 54.
Bg2+ Kd3 55. Bf1+ Kd2 56. Bg2 Be6 57. Bf1 Bf5 58. Bg2 Bg6 59. e4 Kd3 60. e5 Kd4 61. e6 Ke5 62. e7 Kf6 63. Kf3 Kxe7 64. Kg4 Kf6 65. Kf3 Ke5 66. Kf2 Kf4 67. Bf1 Be4 68. Be2 Bf5 69. Bf1 Be6 70. Be2 Bxh3 71. Kg1 Kg3 72. Bd1 Bg2 73. Be2 h3 0-1

[Event "Early-Titled-Tuesday-Blitz-January-30-2024"]
[Site "Chess.com"]
[Date "2024.01.30"]
[Round "2"]
[White "NM_Antelacus"]
[Black "JuniorJumper"]
[Result "0-1"]
[WhiteElo "2247"]
[BlackElo "2519"]
[TimeControl "180+1"]
[EndTime "8:20:26 PST"]
[Termination "JuniorJumper won on time"]

1. e4 e5 2. Nf3 Nc6 3. Bc4 Nf6 4. d3 Be7 5. O-O O-O 6. c3 d5 7. exd5 Nxd5 8. Re1 Bg4 9. Qe2 Nb6 10. Bb3 Kh8 11.
Nbd2 f6 12. Ne4 Nd5 13. h3 Bh5 14. Ng3 Bf7 15. Nf5 Bc5 16. Ne3 Nf4 17. Qf1 Qxd3 18. Bxf7 Rxf7 19. Rd1 Qxf1+ 20. Kxf1 Rd8 21. Rxd8+ Nxd8 22. Bd2 Rd7 23. Be1 Kg8 24. Rd1 Rxd1 25.
Nxd1 Nd3 26. Bd2 Ne6 27. g3 e4 28. Ne1 Nxe1 29. Kxe1 Kf7 30. Ke2 f5 31. Ne3 g6 32.
Nc4 Kf6 33. Be3 Bxe3 34. Kxe3 b6 35. b4 g5 36. a4 h6 37. f3 exf3 38. Kxf3 Nf8 39.
Ke3 Ke6 40. Kd4 Ng6 41. Na3 c6 42. a5 Ne5 43. axb6 axb6 44. c4 Nf3+ 45. Ke3 Ng1 46. h4 gxh4 47. gxh4 Ke5 48. Kf2 Nh3+ 49. Kg3 Nf4 50.
Nc2 Ne2+ 51. Kf2 Nd4 52. Ne3 h5 53. Ng2 f4 54. Ne1 Ke4 55. Ng2 Nf5 56. Ne1 Nxh4 57. b5 cxb5 58. cxb5 Nf5 59. Nc2 Kd3 60. Nb4+ Kc4 61.
Nc6 Kxb5 62. Ne5 Nd4 63. Ng6 Ne6 64. Kf3 Kc4 65. Ke4 b5 66. Ne5+ Kc3 0-1

[Event "Early-Titled-Tuesday-Blitz-January-30-2024"]
[Site "Chess.com"]
[Date "2024.01.30"]
[Round "2"]
[White "Vlad_Lukiianchuk"]
[Black "Sina_Movahed"]
[Result "0-1"]
[WhiteElo "2631"]
[BlackElo "3031"]
[TimeControl "180+1"]
[EndTime "8:20:28 PST"]
[Termination "Sina_Movahed won by checkmate"]

1. d4 Nf6 2. c4 g6 3. g3 Bg7 4. Bg2 O-O 5. Nf3 d6 6. Nc3 Nbd7 7. O-O e5 8. b3 Re8 9. e3 e4 10. Nd2 Nf8 11. Ndxe4 Nxe4 12. Nxe4 Bf5 13. Nc3 Qc8 14. Re1 Bh3 15. Bh1 Ne6 16. Bb2 Ng5 17. f3 c5 18.
Nd5 b5 19. cxb5 Qb7 20. Nf4 Bd7 21. h4 Ne6 22. Nxe6 Bxe6 23. Qd3 d5 24. Rac1 Rac8 25.
Qd2 c4 26. bxc4 dxc4 27. a4 Qb8 28. f4 Red8 29. Qe2 h5 30. Qf1 a6 31. Qf2 axb5 32. axb5 Qxb5 33. Bc3 Rb8 34. e4 Bg4 35. d5 Bxc3 36.
Rxc3 Qa5 37. Rec1 Rb4 38. Rxc4 Rxc4 39. Rxc4 Qa1+ 40. Qf1 Qa7+ 41. Qf2 Qa1+ 42. Kh2 Rb8 43. d6 Qd1 44. e5 Qb1 45. Rc2 Bf5 46. Rd2 Be6 47. Bg2 Kg7 48. Bh3 Bxh3 49. Kxh3 Qh1+ 50.
Qh2 Qf3 51. Qg2 Qg4+ 52. Kh2 Qe6 53. Qd5 Qd7 54. Rc2 Qf5 55. Qc5 Kh7 56. Qc7 Rb1 57. d7 Rd1 58. Qc6 Rxd7 59. Rg2 Rd3 60. Qc4 Rd7 61.
Re2 Kg7 62. Qe4 Qe6 63. Rf2 Rd5 64. Re2 Rc5 65. Kg2 Rc4 66. Qf3 Qc8 67. Rf2 Rc3 68. Qe4 Qg4 69. Qd5 Rxg3+ 70. Kf1 Rg1# 0-1

[Event "Early-Titled-Tuesday-Blitz-January-30-2024"]
[Site "Chess.com"]
[Date "2024.01.30"]
[Round "2"]
[White "tarno17"]
[Black "almaguerjm"]
[Result "0-1"]
[WhiteElo "2058"]
[BlackElo "2464"]
[TimeControl "180+1"]
[EndTime "8:20:29 PST"]
[Termination "almaguerjm won by checkmate"]

1. e4 e5 2. Nf3 Nf6 3. Nxe5 Nxe4 4. d3 Nd6 5. d4 Be7 6. Bd3 Nc6 7. Be3 Bf6 8. Nxc6 dxc6 9. O-O O-O 10. Nc3 Nf5 11.
Ne2 Re8 12. Bxf5 Bxf5 13. Ng3 Bg6 14. c3 Qd5 15. Qg4 a5 16. h3 a4 17. a3 Re6 18.
Rad1 Rae8 19. Rd2 h5 20. Qf3 h4 21. Qxd5 cxd5 22. Ne2 Bh7 23. Nf4 Rd6 24. Nh5 Bd8 25. Re1 Rde6 26. Nf4 Rd6 27. Rde2 c6 28. Bd2 Rxe2 29. Rxe2 f6 30. g3 hxg3 31. fxg3 Be4 32.
Kf2 Kf7 33. g4 Bc7 34. Nh5 Rd8 35. Ng3 Bd3 36. Re1 b6 37. Nf5 Bxf5 38. gxf5 Rh8 39.
Kg2 Rh5 40. Rf1 c5 41. Be3 c4 42. Bd2 Bd6 43. Be3 b5 44. Bd2 Rh8 45. Re1 Rh5 46.
Rg1 Rxf5 47. Rf1 Rxf1 48. Kxf1 Kg6 49. Kg2 Kf5 50. Kf3 g5 51. Be3 Bh2 52. Bd2 Kg6 53.
Be3 f5 54. Bd2 Kh5 55. Be1 Bf4 56. Bf2 Bc1 57. h4 g4+ 58. Kg2 f4 59. Be1 Bxb2 60. Kf2 Bc1 61. Ke2 Bxa3 62. Bf2 Bc1 63. Be1 a3 64.
Kd1 a2 65. Kxc1 a1=Q+ 66. Kd2 Qxe1+ 67. Kxe1 Kxh4 68. Kf2 g3+ 69. Kg2 Kg4 70. Kf1 f3 71. Kg1 Kf4 72. Kh1 Ke3 73. Kg1 Kd3 74. Kf1 Kxc3 75.
Kg1 b4 76. Kf1 b3 77. Ke1 b2 78. Kd1 b1=Q# 0-1

[Event "Early-Titled-Tuesday-Blitz-January-30-2024"]
[Site "Chess.com"]
[Date "2024.01.30"]
[Round "2"]
[White "averageFM"]
[Black "bancsoo"]
[Result "1/2-1/2"]
[WhiteElo "2567"]
[BlackElo "2813"]
[TimeControl "180+1"]
[EndTime "8:20:31 PST"]
[Termination "Game drawn - insufficient material"]

1. d4 d5 2. e4 dxe4 3. Nc3 Nf6 4.
f3 e3 5. Bxe3 g6 6. Qd2 h5 7.
O-O-O c6 8. d5 cxd5 9. Nxd5 Qxd5 10. Qxd5 Nxd5 11. Rxd5 Nc6 12. Bb5 Be6 13. Bxc6+ bxc6 14. Rd1 Bg7 15. Ne2 O-O 16. Bd4 f6 17. Rhe1 Kf7 18. Bc5 Rfe8 19. Nd4 Bd5 20. Nb5 cxb5 21. Rxd5 a6 22. Rd7 Bf8 23. b4 Rac8 24. Kb2 Rc6 25. c3 g5 26. Ra7 f5 27. Kb3 Kf6 28. a4 bxa4+ 29. Kxa4 e5 30. Bxf8 Rxf8 31. Kb3 Rfc8 32. c4 Rxc4 33. Rxa6+ R4c6 34. Rc1 Rxa6 35. Rxc8 e4 36.
fxe4 fxe4 37. Re8 Kf5 38. b5 Ra1 39. Kb4 Ra2 40. Kb3 Ra1 41. Kc4 Rb1 42. Kc5 h4 43. b6 Kf4 44. Kc6 Rc1+ 45. Kd7 Rd1+ 46. Kc7 Rc1+ 47. Kb8 Rb1 48. b7 e3 49. Kc7 g4 50. b8=Q Rxb8 51. Rxb8 h3 52. Rf8+ Ke4 53. gxh3 gxh3 54. Kd6 e2 55. Re8+ Kf3 56. Kd5 Kf2 57.
Rf8+ Kg2 58. Re8 Kf2 59. Rf8+ Ke3 60. Re8+ Kd2 61. Kd4 e1=Q 62. Rxe1 Kxe1 63. Ke3 Kd1 64. Kf3 Kd2 65. Kg3 Ke3 66. Kxh3 Kf4 67. Kh4 Kf5 68. Kh5 Kf6 69. h4 Kg7 70. Kg4 Kh8 71. h5 Kg8 72. h6 Kh8 73. h7 Kxh7 1/2-1/2